Zazza, neutral female human Tourist ------------ |...........# ---------- --------- |..........|# |.......(.# |.......| |..........|# ##############################.....{...|# |.......| --------|---### #---------- |...>....-####|+/.....| ## # #|........|###################-........|# #-2.....)| # ###|..{.....|# |........|# |!/$...)| ### #..........## -----|----# --------- # #----------# ----- # # ### ############### |...-# ### # ----.------ ## # |...|# # # |.........| #### ##....|### ### # |.........| # |...| # # # |..........## |...|############# ###### ## |.........| |...|# # --|--.- #---.---.--- ----------- -----# ##......| #..........| #################### |.._..| |..<......| ------- ----------- Zazza the Rambler Experience level: 1 Strength: 13 Dexterity: 7 Constitution: 13 Intelligence: 13 Wisdom: 11 Charisma: 18 Health: 0(10) Energy: 2(2) Def: 5 Gold: 0 Moves: 1925 Dungeon seed: LlnZ7jK56BymWKuj Game ID: Zazza_1619019777 Your Inventory: Amulets o - a cursed amulet of strangulation v - an uncursed amulet versus poison (being worn) Weapons a - 22 +2 darts D - a +0 dagger Armor e - an uncursed +0 Hawaiian shirt (being worn) q - an uncursed +0 elven mithril-coat (being worn) Comestibles c - 2 uncursed pancakes f - an uncursed egg m - 2 uncursed eggs z - an uncursed orange C - 2 uncursed slime molds E - 7 uncursed food rations T - 4 uncursed tripe rations W - an uncursed cram ration Scrolls h - 3 uncursed scrolls of magic mapping i - a blessed scroll of magic mapping s - an uncursed scroll of stinking cloud Potions g - 2 uncursed potions of extra healing w - an uncursed potion of confusion Rings l - a cursed -1 ring of increase accuracy y - an uncursed ring of warning (on left hand) Tools j - an expensive camera (0:87) k - an uncursed credit card B - an uncursed oil lamp (0:1252) M - an uncursed mirror Gems n - an uncursed worthless piece of yellowish brown glass Spells and supernatural/magical abilities: Name Level Category Fail Memory W - pray for help -- divine ? -- Your skills at the end: Fighting Skills Weapon Skills dart [Basic] Spellcasting Skills Final Attributes: You had strayed. You were poison resistant. You were blinded. You were warned. You are dead. Vanquished creatures: a gas spore a hobbit a yellow mold 2 green molds a gnome zombie a gecko 7 jackals a fox 2 goblins 3 sewer rats 4 grid bugs 4 lichens a kobold zombie 9 newts 38 creatures vanquished. Voluntary challenges: You used a wielded weapon 1 time, starting on turn 1801. You read items or engraved 2 times, starting on turn 746. You never genocided any monsters. You never polymorphed an object. You never changed form. You used no wishes. You never split a pudding. You wrote Elbereth's name 1 time, starting on turn 1855. You violated your moral code, losing 1 point of alignment, starting on turn 1925. Dungeon overview: The Dungeons of Doom: levels 1 to 3 Level 1 a long staircase Level 2 a fountain Level 3 <- You were here a general store, an altar to The Lady, some fountains History has recorded: On T:1 you entered the Dungeons of Doom to retrieve the Amulet of Yendor! On T:420 you reached level 2 of The Dungeons of Doom. On T:1010 you reached level 3 of The Dungeons of Doom. Score breakdown: Gold: 0 ( 0 points) Experience: 1 level ( 0 points) Exploration: 3 levels ( 6.38%) ( 6255 points) Discoveries: 6 items ( 2.01%) ( 4256 points) Valuables value: (no points given unless you survive) Artifact value: 0 ( 0 points) Variety of kills: 14 monsters ( 3.67%) ( 5750 points) Turncount: 1925 turns ( 0 points) Survival: died (score multiplied by 80%) Total score: 13008 Latest messages: l - a cursed gold ring. k - an uncursed credit card. j - an expensive camera (0:87). M - an uncursed mirror. B - an uncursed oil lamp. n - an uncursed yellowish brown gem. You hear the chime of a cash register. You displace Armand. "Aloha, Zazza! Welcome again to Manlobbi's general store!" You stop. Armand is in the way! You see here 256 gold pieces. You drop 183 gold pieces. 183 zorkmids are added to your credit. Armand moves only reluctantly. Your wallet is empty. You have 254 zorkmids credit at Manlobbi's general store. You don't owe any money here. A cloud of darkness falls upon you. It gets angry! Wait! There's something there you can't see! You hear a nearby zap. The wand hits you! You die... Manlobbi takes all your possessions. Final status: Aloha Zazza the Tourist, killed by a wand... You died in The Dungeons of Doom on dungeon level 3 with 13008 points, and 0 pieces of gold, after 1925 moves. You were level 1 with a maximum of 10 hit points when you died.